 Dungeon Crawl Stone Soup version 0.22-a0-423-g4197694 (webtiles) character file.

30 Veiltonx the Grave Robber (level 3, 0/26 HPs)
             Began as a Demonspawn Necromancer on May 23, 2018.
             Slain by an adder (1 damage)
             ... on level 2 of the Dungeon.
             The game lasted 00:06:08 (2303 turns).

Veiltonx the Grave Robber (Demonspawn Necromancer)  Turns: 2303, Time: 00:06:08

Health: 0/26       AC:  3    Str:  8    XL:     3   Next: 3%
Magic:  0/6        EV: 12    Int: 17    God:
Gold:   70         SH:  0    Dex: 13    Spells: 5/7 levels left

rFire    + . .     SeeInvis .   g - -2 dagger (curse)
rCold    . . .     Gourm    .   (no shield)
rNeg     . . .     Faith    .   a - +0 robe
rPois    .         Spirit   +   (no helmet)
rElec    .         Reflect  .   (no cloak)
rCorr    .         Harm     .   (no gloves)
MR       .....                  f - +0 pair of boots
Stlth    ++........             o - amulet of guardian spirit
HPRegen  0.08/turn              (no ring)
MPRegen  0.10/turn              (no ring)

@: lethally poisoned (0 -> -5)
A: fire resistance 1
a: no special abilities


You were on level 2 of the Dungeon.
You were hungry.

You visited 1 branch of the dungeon, and saw 2 of its levels.

You collected 70 gold pieces.

Inventory:

Hand Weapons
 e - a +0 club
 g - a cursed -2 dagger (weapon)
Armour
 a - a +0 robe (worn)
 f - a +0 pair of boots (worn)
 m - a +1 buckler
Jewellery
 o - an amulet of guardian spirit (around neck)
Scrolls
 i - a scroll of enchant armour
 j - 3 scrolls of identify {unknown}
 k - 2 scrolls of teleportation {unknown}
 p - a scroll of fear {unknown}
Potions
 b - a potion of might {unknown}
 d - a potion of magic
 h - a potion of berserk rage {unknown}
 l - a potion of curing {unknown}
 n - a potion of flight {unknown}
Comestibles
 c - 4 rations


   Skills:
 + Level 1.2 Fighting
 - Level 2.0 Dodging
 - Level 2.0 Stealth
 + Level 2.5 Spellcasting
 - Level 4.5 Necromancy


You had 5 spell levels left.
You knew the following spells:

 Your Spells              Type           Power        Failure   Level  Hunger
a - Pain                  Necr           ###.         2%          1    #......
b - Animate Skeleton      Necr           N/A          2%          1    #......

Your spell library contained the following spells:

 Spells                   Type           Power        Failure   Level  Hunger
 Animate Dead             Necr           N/A          28%         4    #####..
 Vampiric Draining        Necr           ###.......   9%          3    ###....
 Regeneration             Chrm/Necr      #.........   22%         3    ###....


Dungeon Overview and Level Annotations

Branches:
Dungeon (2/15)

Altars:
Ashenzari


Innate Abilities, Weirdness & Mutations

Your flesh is heat resistant. (rF+)


Message History

You open the door.
An adder and a dart slug come into view.
The adder hisses angrily.
The adder barely misses you.
You hit the adder but do no damage. The kobold barely misses you.
The adder bites you.
You are lethally poisoned!
The adder poisons you!
As you read the scroll labeled ASOMAT KOAGHU, it crumbles to dust.
It is a scroll of enchant armour.
Your buckler glows green for a moment.
* * * LOW HITPOINT WARNING * * *
You feel sick. The kobold hits you but does no damage.
The adder closely misses you.
Okay, then.
It was a potion of magic.
Magic courses through your body. The adder bites you. The kobold hits you.
* * * LOW HITPOINT WARNING * * *
The adder bites you.
You die...

## ... ....
.....
......######
.....wS@Kg.#
......####.#
..... #.#
##+# #.#####
#####+##
#...g.#
#w.....#
#####.#
#......# #.#
###
#......##
#g# ..
#.......#
#.#


You could see an adder, a dart slug, a hobgoblin and a kobold.

Vanquished Creatures
  A leopard gecko (D:1)
  A giant cockroach (D:1)
  A goblin (D:1)
  4 hobgoblins (D:1)
  5 jackals (D:1)
  2 bats (D:1)
  3 frilled lizards
  3 kobolds (D:1)
  8 rats
28 creatures vanquished.

Notes
Turn   | Place    | Note
-------+----------+-------------------------------------------
     0 | D:1      | Veiltonx the Demonspawn Necromancer began the quest for the Orb.
     0 | D:1      | Reached XP level 1. HP: 13/13 MP: 3/3
   457 | D:1      | Gained mutation: Your flesh is heat resistant. (rF+) [demonic ancestry]
   457 | D:1      | Reached XP level 2. HP: 18/19 MP: 5/5
  1279 | D:1      | Reached skill level 1 in Fighting
  1923 | D:1      | Reached XP level 3. HP: 26/26 MP: 3/6
  2146 | D:2      | Found a shattered altar of Ashenzari.
  2223 | D:1      | Learned a level 1 spell: Animate Skeleton
  2303 | D:2      | HP: 1/26 [kobold (1)]
  2303 | D:2      | Slain by an adder

Vault maps used:
D:1:      mainiacjoe_arrival_reflecting_pool
D:2:      ashenzari_conservatory_becter, chequers_ecumenical_altar_lobes,
          first_ration, nicolae_qazlal_general_emergency, uniq_sigmund,
          uniq_jessica, uniq_natasha

Skill      XL: |  1  2 |
---------------+-------+-----
Stealth        | 2 |  2.0
Dodging        | 2 |  2.0
Fighting       | 1 |  1.2
Spellcasting   | |  2.5
Necromancy     | |  4.5

Action                   || total
-------------------------++-------
Melee: Dagger            ||   140
       Club              ||     5
 Cast: Pain              ||    38
  Use: Scroll            ||     2
       Potion            ||     1
 Stab: Sleeping          ||     2
  Eat: Chunk             ||     4
Armor: Robe              ||    29
Dodge: Dodged            ||   101

Table legend:
 A = Spawn XP
 B = Non-spawn XP
 C = Spawn XP percentage of total XP
 D = Spawn monster count
 E = Non-spawn monster count
 F = Spawn count percentage of total count
 G = Total turns spent on level
                    A         B        C        D         E        F      G
               +---------+---------+-------+---------+---------+-------+---------
         Total |       0 |      43 |   0.0 |       0 |      28 |   0.0 |  2303
               +---------+---------+-------+---------+---------+-------+---------
           D:1 |       0 |      41 |   0.0 |       0 |      26 |   0.0 |  2149
           D:2 |       0 |       2 |   0.0 |       0 |       2 |   0.0 |   154
               +---------+---------+-------+---------+---------+-------+---------
